 Dungeon Crawl Stone Soup version 0.14.0-25-g43f8a4e (console) character file.

227 Rage the Ducker (level 4, -2/21 HPs)
             Began as a Felid Berserker on Apr 25, 2014.
             Was a Believer of Trog.
             Killed from afar by an orc wizard (10 damage)
             ... with a puff of flame
             ... on Level 5 of the Dungeon.
             The game lasted 00:05:38 (1110 turns).

Rage the Ducker (Felid Berserker)                   Turns: 1110, Time: 00:05:38

HP  -2/21        AC  1     Str 13      XL: 4   Next: 81%
MP   7/7         EV 21     Int  8      God: Trog [**....]
Gold 103         SH  0     Dex 16      Spells:  0 memorised,  3 levels left
Lives: 0, deaths: 1

rFire  . . .     SeeInvis +       - Unarmed
rCold  . . .     Clarity  .     (armour unavailable)
rNeg   . . .     Conserve .     (shield unavailable)
rPois  .         rCorr    .     (helmet unavailable)
rElec  .         rRot     .     (cloak unavailable)
SustAb . .       Spirit   .     (gloves unavailable)
rMut   .         Warding  .     (boots unavailable)
Saprov . . .     Stasis   .     (no amulet)
MR     .....                    (no ring)
                                (no ring)

@: exhausted, slowed, slow, not resistant to hostile enchantments, fairly
stealthy
A: paw claws, no armour, no weapons or thrown items, fangs 3, see invisible,
carnivore 3, speed 1, shaggy fur 1, slow metabolism 1, jump 1
a: Jump Attack, Burn Spellbooks, Berserk, Trog's Hand, Renounce Religion


You were on level 5 of the Dungeon.
You worshipped Trog.
Trog was pleased with you.
You were very hungry.

You visited 1 branch of the dungeon, and saw 5 of its levels.

You collected 103 gold pieces.

Inventory:

Armour
 k - the +4 chain mail "Xunax" {Dex-4 Int+4 Dam+6, unknown}
   (You found it on level 4 of the Dungeon)

   It affects your intelligence (+4).
   It affects your dexterity (-4).
   It affects your damage with ranged weapons and melee attacks (+6).
Comestibles
 c - a meat ration
Scrolls
 a - a scroll of immolation {unknown}
 d - 2 scrolls of magic mapping {unknown}
 f - 3 scrolls of identify {unknown}
 h - a scroll of fear {unknown}
 j - a scroll of remove curse {unknown}
Jewellery
 g - an uncursed amulet of resist corrosion {unknown}
Potions
 b - 3 potions of heal wounds {unknown}
 e - a potion of brilliance {unknown}
 i - a potion of beneficial mutation {unknown}
 l - a potion of might {unknown}


   Skills:
 - Level 3.0 Fighting
 + Level 5.7 Dodging
 * Level 5.1 Unarmed Combat


You had 3 spell levels left.
You didn't know any spells.

Dungeon Overview and Level Annotations

Branches:
Dungeon (5/15)
 Temple: D:4-7

Altars:


Innate Abilities, Weirdness & Mutations

You cannot wear armour.
You are incapable of wielding weapons or throwing items.
Your paws have sharp claws.
You have razor-sharp teeth.
You have supernaturally acute eyesight.
You are carnivorous and can eat meat at any time.
You cover ground quickly.
You are covered in fur (AC +1).
You have a slow metabolism.
You can jump attack at a short distance.


Message History

The puff of flame misses you. The sky beast misses you.
Found a scroll labeled STRAOL PHAEM.
The sky beast flickers out of sight for a moment.
You feel the effects of Trog's Hand fading.
The orc wizard gestures at you while chanting.
The magic dart hits you!
* * * LOW HITPOINT WARNING * * *
The orc wizard gestures at you while chanting.
The puff of flame misses you. The sky beast closely misses you.
Found 16 gold pieces.
You see here 14 gold pieces.
Found a pink potion.
Your skin stops crawling.
You feel less resistant to hostile enchantments.
The sky beast flickers out of sight for a moment.
The sky beast misses you.
The orc wizard points at you and mumbles some strange words.
The puff of flame misses the sky beast.
The puff of flame hits you!
You die...

..........#. #####
#........#. #...# #.[..).
#...# #.####. #...# #.#
#. ####...# ##.## #.
..$....######...# #o
####.####.?..........###.
........@.Ioo.$z...≈.....
####!#############...###.
....>... #...### #...#
#####


You could see a sky beast (invisible), an orc wizard (invisible), an orc and a
goblin zombie.

Vanquished Creatures
  A scorpion (D:5)
  A green rat (D:3)
  6 gnolls (D:4)
  A worm (D:2)
  An orc (D:5)
  A giant cockroach (D:2)
  4 hobgoblins
  4 kobolds
  A ball python (D:2)
  6 bats
  3 giant geckos
  4 giant newts
  6 goblins
  A hobgoblin skeleton (D:4)
  2 jackals (D:3)
  A quokka skeleton (D:5)
  5 rats
48 creatures vanquished.

Notes
Turn   | Place    | Note
--------------------------------------------------------------
     0 | D:1      | Rage, the Felid Berserker, began the quest for the Orb.
     0 | D:1      | Reached XP level 1. HP: 10/10 MP: 2/2
    89 | D:2      | Reached XP level 2. HP: 14/14 MP: 3/3
   319 | D:2      | Acquired Trog's second power
   355 | D:2      | Reached XP level 3. HP: 6/17 MP: 5/5
   473 | D:4      | Reached skill level 5 in Dodging
   577 | D:3      | Reached XP level 4. HP: 4/21 MP: 7/7
   683 | D:3      | Killed from afar by an orc priest
   684 | D:3      | Reached XP level 3. HP: 0/17 MP: 5/5
   896 | D:4      | Got a smoking chain mail
   908 | D:4      | Noticed a phantom
  1036 | D:4      | Reached XP level 4. HP: 11/21 MP: 7/7
  1071 | D:5      | Entered Level 5 of the Dungeon
  1084 | D:5      | Reached skill level 5 in Unarmed Combat
  1097 | D:5      | Noticed a sky beast
  1110 | D:5      | Killed from afar by an orc wizard

Action                   |  1- 3 |  4- 6 || total
-------------------------+-------+-------++-------
Melee: Unarmed           |   103 |    21 ||   124
Invok: Berserk           |     5 |     1 ||     6
       Trog's Hand       |     1 |     2 ||     3
